cohdb
Replays
Latest Replays
All Replays
Popular Replays
Top Player Replays
Match Explorer
How It Works
Community
CoH3 Stats
Reddit
Sign in to upload your games and track your stats! →
Sign in with Steam
Match 35395776
Unlisted
Match 35395776
Overview
Messages
Build Orders
End
Royal Engineer Section
Selects Australian Defense Battlegroup
Selects Australian Light Infantry Section
Australian Light Infantry Section
Australian Light Infantry Section
Royal Engineer Section
Construct Field Infirmary
Construct Section Command Post
Construct Platoon Command Post
Humber Armored Car
stevomcmuffinman
Don Bowdenoli
0
0
Comments
sign in to comment!
No comments posted yet!